 Dungeon Crawl Stone Soup version 0.27-a0-686-gaed091b46b (webtiles) character file.

Game seed: 11586021093673283048

5222 DarkShadow the Grappler (level 10, 0/94 HPs)
             Began as a Troll Berserker on Mar 21, 2021.
             Was a High Priest of Trog.
             Slain by a wraith (2 damage)
             ... led by a death knight
             ... on level 8 of the Dungeon.
             The game lasted 00:31:45 (7109 turns).

DarkShadow the Grappler (Troll Berserker)           Turns: 7109, Time: 00:31:48

Health: 0/94       AC: 10    Str: 27    XL:     10   Next: 35%
Magic:  9/9        EV: 13    Int:  5    God:    Trog [*****.]
Gold:   254        SH:  0    Dex: 18    Spells: 9/9 levels left

rFire    . . .     SeeInvis .     - Unarmed
rCold    . . .     Faith    .   (no shield)
rNeg     . . .     Spirit   .   c - +0 acid dragon scales
rPois    .         Reflect  .   (helmet restricted)
rElec    +         Harm     .   n - +0 cloak
rCorr    +         Rampage  .   (gloves unavailable)
Will     +....                  (boots unavailable)
Stlth    ++........             (no amulet)
HPRegen  1.25/turn              j - ring of willpower
MPRegen  0.11/turn              r - +6 ring of dexterity

@: weak-willed, slowed, very slow
A: large, unfitting armour, claws 3, regeneration 1, shaggy fur 1, tough skin 1,
clever 1, strong-willed 1, electricity resistance
a: Renounce Religion, Berserk, Trog's Hand, Brothers in Arms


You were on level 8 of the Dungeon.
You worshipped Trog.
Trog was extremely pleased with you.
You visited 1 branch of the dungeon, and saw 8 of its levels.

You collected 254 gold pieces.

Inventory:

Hand Weapons
 m - a +0 giant spiked club
Armour
 a - a +0 animal skin
 c - +0 acid dragon scales (worn)
 n - a +0 cloak (worn)
 t - a scarf of shadows
 u - a +0 pair of boots
 z - +0 steam dragon scales
Jewellery
 j - a ring of willpower (right claw)
 r - a +6 ring of dexterity (left claw)
Wands
 f - a wand of flame (7)
 o - a wand of paralysis (7)
 y - a wand of polymorph (5)
 B - a wand of iceblast (8)
Scrolls
 b - 4 scrolls of teleportation {unknown}
 d - 2 scrolls of random uselessness {unknown}
 e - 2 scrolls of amnesia {unknown}
 g - 12 scrolls of identify {unknown}
 k - 4 scrolls of noise {unknown}
 l - a scroll of blinking {unknown}
 p - a scroll of immolation {unknown}
 s - a scroll of enchant weapon {unknown}
 w - a scroll of acquirement {unknown}
 x - a scroll of magic mapping {unknown}
 A - a scroll of fog {unknown}
Potions
 h - 2 potions of curing
 i - 3 potions of flight
 q - a potion of magic
 v - 2 potions of invisibility
 C - a potion of brilliance {unknown}
 D - a potion of ambrosia


   Skills:
 + Level 4.5 Fighting
 + Level 5.1 Armour
 + Level 6.3 Dodging
 + Level 2.0 Stealth
 + Level 11.0 Unarmed Combat


You had 9 spell levels left.
You didn't know any spells.
Your spell library was empty.

Dungeon Overview and Level Annotations

Branches:
Dungeon (8/15)             Temple (0/1) D:7
   Lair: D:8-11

Altars:
Ashenzari
Cheibriados
Fedhas
Gozag
Makhleb
Nemelex Xobeh
Ru
Vehumet
Yredelemnul
The Shining One

Shops:
D:5 [   D:6 [   D:8 [

Annotations:
D:3 exclusion: oklob plant


Innate Abilities, Weirdness & Mutations

You are too large for most types of armour.
You have claws for hands.
Your natural rate of healing is unusually fast.
You are covered in fur. (AC +1)
You have tough skin. (AC +1)
Your mind is acute. (Int +2)
You are strong-willed. (Will+)
You are resistant to electric shocks. (rElec)


Message History

The death knight offers itself to Yredelemnul, and fills with unholy energy.
Found 3 curare-tipped darts.
The death knight barely misses you.
The death knight hits you with a +0 glaive.
You mangle the death knight!!
The death knight is moderately wounded.
The death knight reflects your damage back at you!
The death knight barely misses you.
The phantasmal warrior blinks!
You scratch the death knight but do no damage.
You claw the death knight.
The death knight is moderately wounded.
The death knight reflects your damage back at you!
The death knight's dark mirror aura disappears.
The death knight closely misses you.
The phantasmal warrior blinks!
You claw the death knight!
The death knight is heavily wounded.
The death knight hits you with a +0 glaive!!
The phantasmal warrior hits you!
Your willpower is stripped away!
You completely miss the death knight.
The death knight is heavily wounded.
The death knight invokes the aid of Yredelemnul against you.
You resist with significant effort.
You scratch the death knight.
The death knight is heavily wounded.
The phantasmal warrior misses you.
You barely miss the death knight.
The death knight is heavily wounded.
The death knight hits you but does no damage.
The phantasmal warrior hits you!!
* * * LOW HITPOINT WARNING * * *
The wraith hits you!
* * * LOW HITPOINT WARNING * * *
The wraith drains your vigour!
You feel yourself slow down.
You feel better.
The death knight hits you with a +0 glaive.
* * * LOW HITPOINT WARNING * * *
The phantasmal warrior hits you!!
* * * LOW HITPOINT WARNING * * *
The wraith hits you.
You die...

#.# #.# ##.## #.. ....##.#
#########.. ##..##.#
#.......... #..##(# .#
#.......... ##..##.####.#
#....######
.(...(......############.#.##
#
.#..##.........W............#
#
##..##..#.######@..#####.#..#
# >.......?.#
#Wp.......###.#####
######..###
#....#####.#..#....
#..#####...#.## #......###
#........###(# #...##.#
##.#####.# #.# #...##.# #.#
#.# #.# #...##.# #.# #.# .#
#...##.# ######)#####.###
#......#


You could see a death knight, a phantasmal warrior and a wraith.

Vanquished Creatures
  Harold (D:7)
  A two-headed ogre (D:8)
  A skeletal warrior (D:8)
  Pikel (D:7)
  Maggie (D:7)
  A wraith (D:8)
  Sigmund (D:3)
  Menkaure (D:7)
  2 orc warriors (D:8)
  2 sky beasts
  A black bear (D:7)
  A hornet zombie (D:7)
  4 ogres
  A lemure (D:6)
  A bullfrog (D:7)
  2 scorpions
  A howler monkey (D:5)
  A crimson imp (D:7)
  A hound (D:6)
  8 orc priests
  2 bullfrog skeletons
  2 jellies
  2 iguanas
  8 orc wizards
  Natasha (thrice) (D:2)
  6 worker ants
  A hound skeleton (D:5)
  Robin (D:2)
  5 adders
  3 shadow imps
  6 white imps
  2 ufetubi
  An ooze (D:7)
  3 worms
  3 dart slugs
  5 leopard geckos
  22 orcs
  A ball python (D:2)
  A giant cockroach (D:8)
  17 goblins
  8 hobgoblins
  8 jackals
  21 kobolds
  2 quokkas
  10 bats
  4 frilled lizards
  A quokka skeleton (D:4)
  4 rats
185 creatures vanquished.

Vanquished Creatures (others)
  14 plants
14 creatures vanquished.

Grand Total: 199 creatures vanquished

Notes
Turn   | Place    | Note
-------+----------+-------------------------------------------
     0 | D:1      | DarkShadow the Troll Berserker began the quest for the Orb.
     0 | D:1      | Reached XP level 1. HP: 22/22 MP: 0/0
   153 | D:1      | Reached XP level 2. HP: 28/29 MP: 1/1
   397 | D:1      | Found a sparkling altar of Nemelex Xobeh.
   523 | D:1      | Reached XP level 3. HP: 18/36 MP: 2/2
   523 | D:1      | Reached ** piety under Trog
   900 | D:2      | Found a sacrificial altar of Ru.
   900 | D:2      | Noticed Natasha
   909 | D:2      | Killed Natasha
   919 | D:2      | Reached skill level 4 in Unarmed Combat
   919 | D:2      | Reached XP level 4. HP: 42/45 MP: 3/3
  1099 | D:2      | Noticed Natasha
  1107 | D:2      | Killed Natasha
  1180 | D:2      | Noticed Natasha
  1191 | D:2      | Killed Natasha
  1192 | D:2      | Reached XP level 5. HP: 31/53 MP: 4/4
  1192 | D:2      | Noticed Robin
  1205 | D:2      | Killed Robin
  1614 | D:2      | Gained mutation: You are strong-willed. (Will+) [potion of
                  | mutation]
  1614 | D:2      | Gained mutation: Your mind is acute. (Int +2) [potion of
                  | mutation]
  1614 | D:2      | Gained mutation: You are resistant to electric shocks.
                  | (rElec) [potion of mutation]
  1642 | D:2      | Reached *** piety under Trog
  2083 | D:3      | Found a faded altar of an unknown god.
  2158 | D:3      | Noticed Sigmund
  2184 | D:3      | Killed Sigmund
  2185 | D:3      | Reached skill level 5 in Unarmed Combat
  2185 | D:3      | Reached XP level 6. HP: 30/61 MP: 5/5
  2686 | D:3      | Found a blossoming altar of Fedhas.
  2701 | D:3      | Noticed an oklob plant
  2823 | D:4      | Reached skill level 1 in Stealth
  2823 | D:4      | Reached skill level 6 in Unarmed Combat
  2829 | D:4      | Reached XP level 7. HP: 36/67 MP: 6/6
  2998 | D:4      | Found a basalt altar of Yredelemnul.
  2998 | D:4      | Found an opulent altar of Gozag.
  2998 | D:4      | Found a broken altar of Ashenzari.
  3178 | D:4      | Reached **** piety under Trog
  3506 | D:5      | Entered Level 5 of the Dungeon
  3635 | D:5      | Found Jekhlete's Antique Armour Boutique.
  3769 | D:5      | Reached skill level 7 in Unarmed Combat
  3952 | D:5      | Reached skill level 1 in Armour
  4032 | D:5      | Found a glowing golden altar of the Shining One.
  4085 | D:5      | Reached XP level 8. HP: 76/76 MP: 7/7
  4624 | D:6      | Found Begeut's Armour Shop.
  4630 | D:6      | Found a glowing golden altar of the Shining One.
  4701 | D:6      | Reached skill level 5 in Dodging
  4725 | D:6      | Found a snail-covered altar of Cheibriados.
  4793 | D:7      | Noticed Pikel
  4831 | D:7      | Killed Pikel
  4832 | D:7      | Reached skill level 8 in Unarmed Combat
  5173 | D:7      | Noticed Harold
  5194 | D:7      | Killed Harold
  5195 | D:7      | Reached skill level 9 in Unarmed Combat
  5195 | D:7      | Reached XP level 9. HP: 59/84 MP: 8/8
  5280 | D:7      | Found a radiant altar of Vehumet.
  5280 | D:7      | Found a burning altar of Makhleb.
  5579 | D:7      | Found a staircase to the Ecumenical Temple.
  5607 | D:7      | Noticed Maggie
  5625 | D:7      | Killed Maggie
  5659 | D:7      | Reached ***** piety under Trog
  5975 | D:7      | Noticed Menkaure
  5980 | D:7      | Killed Menkaure
  5981 | D:7      | Reached skill level 10 in Unarmed Combat
  6546 | D:8      | Noticed a two-headed ogre
  6552 | D:8      | Killed a two-headed ogre
  6553 | D:8      | Reached XP level 10. HP: 30/94 MP: 9/9
  6772 | D:8      | Found Ciytyefy's Armour Emporium.
  6993 | D:8      | Noticed a phantasmal warrior
  7000 | D:8      | Reached skill level 5 in Armour
  7007 | D:8      | Noticed a skeletal warrior
  7021 | D:8      | Killed a skeletal warrior
  7022 | D:8      | Reached skill level 11 in Unarmed Combat
  7097 | D:8      | Noticed a death knight
  7109 | D:8      | HP: 2/94 [phantasmal warrior[a death knight] (21)]
  7109 | D:8      | Slain by a wraith

Illustrated notes

Levels and vault maps discovered:
D:1:      saegor_arrival_simple_b, layout_basic, nemelex_altar_shiori
D:2:      layout_loops_ring, nicolae_ru_great_annihilating_truth, uniq_robin,
          uniq_natasha
D:3:      layout_loops_ring, chequers_ecumenical_altar_grove, tgw_fedhas,
          uniq_sigmund
D:4:      layout_basic, gammafunk_temple_overflow_claw,
          minmay_goblin_kobold_house
D:5:      layout_basic, serial_shops, nicolae_shop_overgrown_old_shop,
          basic_altar
D:6:      layout_loops_ring, lemuel_crystal_altar, lemuel_crystal_altar,
          serial_shops, shop, serial_bayou_lake_a
D:7:      layout_basic, grunt_temple_overflow_lords_of_destruction,
          minmay_temple_entry_enclosed_plants, uniq_menkaure, uniq_pikel,
          uniq_harold, uniq_maggie
D:8:      layout_loops_ring, serial_shops, shop, kennysheep_generic_room_6

Skill      XL: |  1  2  3  4  5  6  7  8  9 10 |
---------------+-------------------------------+-----
Dodging        | 3 4 5 6 |  6.3
Fighting       | 3 4 |  4.5
Unarmed Combat | 4 5 6 7 9 10 11 | 11.0
Stealth        | 1 2 |  2.0
Armour         | 1 3 4 5 |  5.1

Action                   |  1- 3 |  4- 6 |  7- 9 | 10-12 || total
-------------------------+-------+-------+-------+-------++-------
Melee: Unarmed           |    91 |   133 |   289 |    48 ||   561
       Punch             |     1 |     3 |    10 |     3 ||    17
  Use: Potion            |     2 |     7 |     7 |     1 ||    17
 Stab: Paralysed         |       |     2 |       |       ||     2
       Sleeping          |       |       |     1 |     1 ||     2
Armor: Animal skin       |    50 |    49 |     4 |       ||   103
       Acid dragon scale |       |       |    91 |    12 ||   103
Dodge: Dodged            |    78 |    75 |   149 |    15 ||   317

Table legend: (Time is in decaauts)
 A = Elapsed time spent in this place.
 B = Non-inter-level travel time spent in this place.
 C = Inter-level travel time spent in this place.
 D = Time resting spent in this place.
 E = Time spent auto-exploring this place.
 F = Levels seen in this place.
 G = Mean time per level.
                   A        B        C        D        E       F      G
               +--------+--------+--------+--------+--------+-----+--------+
         Total |   7039 |   7032 |      7 |   1094 |   2182 |   8 |  879.9 |
       Dungeon |   7039 |   7032 |      7 |   1094 |   2182 |   8 |  879.9 |
               +--------+--------+--------+--------+--------+-----+--------+

Top non-repeatable levels by time:
     D:7: 1371 daAuts
     D:2: 1067 daAuts
     D:5: 1050 daAuts
     D:8: 902 daAuts
     D:1: 884 daAuts
     D:3: 791 daAuts
     D:4: 715 daAuts
     D:6: 256 daAuts
